 Dungeon Crawl Stone Soup version 0.30.1-3-gfc49f6343a (webtiles) character file.

Game seed: 13229902784710600119

55050 EWolf27 the Bewitcher (level 14, -11/84 HPs)
             Began as a Vampire Enchanter on July 18, 2023.
             Was an Elder of Sif Muna.
             Mangled by a skeletal warrior
             ... wielding a +0 trident
              (24 damage)
             ... on level 13 of the Dungeon on July 20, 2023.
             The game lasted 02:18:38 (28606 turns).

EWolf27 the Bewitcher (Vampire Enchanter)          Turns: 28606, Time: 02:18:39

Health: -11/84     AC:  8    Str:  7    XL:     14   Next: 36%
Magic:  21/26      EV: 18    Int: 27    God:    Sif Muna [****..]
Gold:   1303       SH:  0    Dex: 19    Spells: 15/29 levels left

rFire   . . .        a - +4 dagger (drain)
rCold   + + .        (no shield)
rNeg    + + +        l - +1 robe of the Sunfish {rElec}
rPois   ∞            t - +0 helmet
rElec   +            G - +0 cloak
rCorr   .            e - +2 pair of gloves {Dex+3}
SInv    +            (no boots)
Will    +....        f - amulet of the acrobat
Stlth   +++++++++    o - +4 ring of slaying
HPRegen 0.00/turn    s - +6 ring of intelligence
MPRegen 0.20/turn

%: acrobat
@: confusing by touch, bloodless, inhibited regen
A: bloodless, fangs 3, see invisible, vampiric 2
a: Bat Form, Revivify, Renounce Religion, Channel Magic, Forget Spell, Divine
Exegesis


You were on level 13 of the Dungeon.
You worshipped Sif Muna.
Sif Muna was greatly pleased with you.
You visited 4 branches of the dungeon, and saw 22 of its levels.
You also visited: Ossuary.

You collected 1303 gold pieces.

Inventory:

Hand Weapons
 a - a +4 dagger of draining (weapon)
Missiles
 p - 23 poisoned darts
 r - 9 boomerangs (quivered)
Armour
 e - a +2 pair of gloves of dexterity (worn)
 l - the +1 robe of the Sunfish (worn) {rElec}
   (You found it on level 2 of the Dungeon)

   rElec:     It insulates you from electricity.
 t - a +0 helmet (worn)
 G - a +0 cloak (worn)
 K - a +2 robe of fire resistance
 L - +0 acid dragon scales
 P - a +0 kite shield
Jewellery
 f - an amulet of the acrobat (around neck)
 o - a +4 ring of slaying (left hand)
 s - a +6 ring of intelligence (right hand)
Wands
 b - a wand of flame (80)
 d - a wand of paralysis (3)
 k - a wand of roots (25)
 y - a wand of mindburst (4)
 J - a wand of polymorph (7)
Scrolls
 g - 2 scrolls of enchant armour
 i - 7 scrolls of fear
 j - 8 scrolls of teleportation
 w - 5 scrolls of identify
 z - 4 scrolls of magic mapping
 C - 3 scrolls of amnesia
 E - a scroll of butterflies
 O - 2 scrolls of fog
Potions
 c - a potion of invisibility
 h - 2 potions of resistance
 m - 13 potions of curing
 n - 5 potions of might
 q - 2 potions of magic
 u - 5 potions of flight
 v - 5 potions of berserk rage
 x - 6 potions of cancellation
 A - 7 potions of mutation
 B - 4 potions of brilliance
 D - a potion of heal wounds
 H - 2 potions of haste
 I - a potion of ambrosia


   Skills:
 * Level 8.6 Fighting
 - Level 6.0 Short Blades
 - Level 0.4 Throwing
 - Level 10.0 Dodging
 - Level 17.0 Stealth
 + Level 8.2 Spellcasting
 + Level 19.7 Hexes
 - Level 6.0 Necromancy
 - Level 4.0 Ice Magic
 * Level 5.6 Air Magic


You had 15 spell levels left.
You knew the following spells:

 Your Spells              Type           Power      Damage    Failure   Level
a - Ensorcelled Hibernat  Hex/Ice        100%       N/A       1%          2
b - Confusing Touch       Hex            87%        N/A       0%          3
c - Tukima's Dance        Hex            87%        N/A       0%          3
d - Necrotise             Necr           100%       1d9       1%          1
e - Arcjolt               Conj/Air       13%        1d23      41%         5

Your spell library contained the following spells:

 Spells                   Type           Power      Damage    Failure   Level
 Cause Fear               Hex            43%        N/A       0%          4
 Dazzling Flash           Conj/Hex       100%       N/A       1%          3
 Summon Guardian Golem    Hex/Summ       59%        N/A       1%          3
 Vampiric Draining        Necr           43%        2d9       1%          3
 Anguish                  Hex/Necr       34%        N/A       1%          4
 Yara's Violent Unravell  Hex/Tmut       29%        3d12      2%          5
 Frozen Ramparts          Ice            64%        1d10      3%          3
 Vhi's Electric Charge    Tloc/Air       52%        N/A       4%          3
 Apportation              Tloc           22%        N/A       5%          1
 Summon Small Mammal      Summ           44%        N/A       5%          1
 Spider Form              Tmut/Pois      11%        N/A       16%         3
 Ice Form                 Ice/Tmut       21%        N/A       22%         4
 Summon Ice Beast         Ice/Summ       21%        N/A       22%         4
 Borgnjor's Vile Clutch   Necr/Erth      13%        N/A       38%         5
 Flame Wave               Conj/Fire      11%        2d6       45%         4
 Alistair's Intoxication  Tmut/Pois      7%         N/A       82%         5
 Summon Forest            Summ/Tloc      5%         N/A       82%         5
 Plasma Beam              Fire/Air       13%        2x1d26    94%         6
 Eringya's Noxious Bog    Tmut/Pois      5%         N/A       100%        6
 Summon Cactus Giant      Summ           5%         N/A       100%        6
 Dragon Form              Tmut           5%         N/A       100%        7
 Summon Hydra             Summ           5%         N/A       100%        7
 Summon Horrible Things   Summ           5%         N/A       100%        8
 Dragon's Call            Summ           5%         N/A       100%        9


Dungeon Overview and Level Annotations

Branches:
Dungeon (15/15)            Temple (1/1) D:7            Lair (5/5) D:9
  Swamp (1/4) Lair:2       Spider (0/4) Lair:3        Slime (0/5) Lair:5
    Orc (0/2) D:11         Depths (0/4) D:15        Ossuary (visited)
 Vaults: D:13-14

Altars:
Ashenzari
Cheibriados
Dithmenos
Fedhas
Gozag
Hepliaklqana
Kikubaaqudgha
Makhleb
Nemelex Xobeh
Okawaru
Qazlal
Ru
Sif Muna
Trog
Uskayaw
Vehumet
Wu Jian
Xom
Yredelemnul
Jiyva

Shops:
D:12 [

Portals:
Trove: D:11 (give 14 scrolls of teleportation)

Annotations:
D:11 2 transporters
D:12 1 runed translucent door


Innate Abilities, Weirdness & Mutations

You do not regenerate when monsters are visible.
You are frail without blood (-20% HP).
You can heal yourself when you bite living creatures.
You are immune to poison.
You have razor-sharp teeth.
You have supernaturally acute eyesight. (SInv)
You are afflicted with vampirism and can become a bat while bloodless.


Message History

You start resting.
Magic restored.
Found a chain mail.
Found a stone staircase leading up.
You open the door.
There is an open door here. 2 skeletal warriors come into view.
Casting: Ensorcelled Hibernation (safe; 1% risk of failure)
Confirm with . or Enter, or press ? or * to list all spells.
Your hands begin to glow red.
The skeletal warrior hits you with a +0 short sword!
You hit the skeletal warrior but do no damage.
The skeletal warrior appears confused.
The skeletal warrior closely misses you.
You hit the skeletal warrior but do no damage.
The skeletal warrior hits you with a +0 short sword!
The skeletal warrior hits you from afar with a +0 trident!
You hit the skeletal warrior but do no damage.
The skeletal warrior closely misses you. 2 skeletal warriors come into view.
The skeletal warrior completely misses you.
Casting: Confusing Touch (safe; 0% risk of failure)
Confirm with . or Enter, or press ? or * to list all spells.
Your hands begin to glow red.
The skeletal warrior hits you with a +0 short sword!
The skeletal warrior hits you with a +0 trident.
You hit the skeletal warrior but do no damage.
Your bite misses the skeletal warrior.
You hit the skeletal warrior but do no damage.
Your bite misses the skeletal warrior.
The skeletal warrior completely misses you.
The skeletal warrior attacks as you move away!
The skeletal warrior completely misses you.
The skeletal warrior misses you.
The skeletal warrior completely misses you.
You open the door.
The skeletal warrior hits you with a +0 short sword!!
* * * LOW HITPOINT WARNING * * *
The skeletal warrior hits you from afar with a +0 trident!!
You die...

#z...# #....##### ...........
+......... .......... #.z.......
.........< #......... .....[...
#......... ......... #.z.......
........######..z......
........#......@.....###########
........#....##'######..........
##......'....#..................
#..^...#....+..................
#......#....#...............###
#....(.######...............#..
#...$.......................#..
.............................#..
.............................#..


You could see 3 skeletal warriors.

Vanquished Creatures
  Gastronok (Lair:3)
  Donald (Swamp:1)
  Josephine (D:12)
  5 hydras
  A death knight (D:14)
  2 centaur warriors (D:11)
  3 boulder beetles
  A two-headed ogre (D:10)
  3 death yaks
  Nergalle (D:11)
  A skyshark (Lair:2)
  Amaemon (D:9)
  2 lindwurms (Lair:5)
  3 deep elf pyromancers
  3 manticores (D:12)
  An ugly thing (D:10)
  7 cyclopes
  9 elephants (Lair:5)
  Maurice (D:8)
  4 black mambas
  An orange demon (D:10)
  Psyche (D:11)
  A smoke demon (Lair:5)
  An unseen horror (shapeshifter) (D:13)
  An unseen horror (D:10)
  13 cane toads
  4 rime drakes
  A yaktaur (D:11)
  5 komodo dragons
  An ancient zyme (Lair:5)
  3 polar bears
  A tengu conjurer (D:11)
  3 trolls
  2 meliai
  3 tyrant leeches (Lair:2)
  21 blink frogs
  2 hornets
  Sigmund (D:2)
  A slime creature (shapeshifter) (D:11)
  2 spriggans (Lair:5)
  A centaur simulacrum (D:11)
  A vampire (D:11)
  7 slime creatures
  A ynoxinul (Lair:5)
  5 wyverns
  2 shadows
  4 wraiths (D:12)
  34 yaks
  4 basilisks
  3 vampire mosquitoes
  A steam dragon (D:8)
  A swamp worm (Lair:2)
  Edmund (D:6)
  2 acid dragons
  6 small abominations (Lair:5)
  An ice beast (D:6)
  3 sky beasts
  11 water moccasins
  An orc warrior (D:10)
  5 ogres
  A centaur (D:9)
  4 wolves (Lair:3)
  13 bullfrogs
  A gnoll sergeant (D:11)
  6 scorpions
  6 wights
  3 killer bees
  6 howler monkeys
  5 jellies
  4 hounds
  4 orc priests
  A gnoll bouda (D:4)
  A sleepcap (D:5)
  Jessica (D:2)
  Ijyb (D:3)
  4 iguanas
  3 orc wizards
  13 mummies (Ossuary)
  12 gnolls
  6 adders
  A shadow imp (D:6)
  3 white imps
  An ufetubus (D:6)
  A dart slug (D:1)
  4 worms
  28 orcs
  10 bats
  4 endoplasms
  4 giant cockroaches
  9 hobgoblins
  14 jackals
  4 kobolds
  3 quokkas
  3 ball pythons
  3 frilled lizards
  3 gnoll skeletons (Ossuary)
  9 goblins
  4 goblin skeletons (Ossuary)
  An orc skeleton (Ossuary)
  5 rats
  11 rat skeletons (Ossuary)
433 creatures vanquished.

Vanquished Creatures (collateral kills)
  2 orcs (D:11)
2 creatures vanquished.

Vanquished Creatures (others)
  A yak (Lair:3)
1 creature vanquished.

Grand Total: 436 creatures vanquished

Notes
Turn   | Place    | Note
-------+----------+-------------------------------------------
     0 | D:1      | EWolf27 the Vampire Enchanter began the quest for the Orb.
     0 | D:1      | Reached XP level 1. HP: 13/13 MP: 3/3
   200 | D:1      | Reached XP level 2. HP: 19/19 MP: 5/5
   203 | D:1      | Learned a level 2 spell: Ensorcelled Hibernation
   215 | D:1      | Reached skill level 5 in Stealth
   884 | D:1      | Gained mutation: You are afflicted with vampirism and can
                  | become a bat while bloodless. [Vampire growth]
   884 | D:1      | Reached XP level 3. HP: 18/24 MP: 6/6
  1184 | D:2      | Noticed Sigmund
  1250 | D:1      | Learned a level 3 spell: Confusing Touch
  1270 | D:2      | Killed Sigmund
  1271 | D:2      | Reached XP level 4. HP: 30/30 MP: 3/7
  1271 | D:2      | Reached XP level 5. HP: 35/35 MP: 3/8
  1327 | D:2      | Identified the +1 robe of the Sunfish {rElec}
  1527 | D:2      | Learned a level 3 spell: Tukima's Dance
  1979 | D:2      | Noticed Jessica
  1986 | D:2      | Killed Jessica
  1987 | D:2      | Reached skill level 5 in Hexes
  2163 | D:2      | Reached XP level 6. HP: 35/41 MP: 2/9
  2840 | D:3      | Found an iron altar of Okawaru.
  3009 | D:3      | Noticed Ijyb
  3114 | D:4      | Found a stormy altar of Qazlal.
  3905 | D:4      | Found a shimmering blue altar of Sif Muna.
  3912 | D:4      | Became a worshipper of Sif Muna the Loreminder
  4171 | D:5      | Entered Level 5 of the Dungeon
  4199 | D:5      | Reached XP level 7. HP: 44/46 MP: 6/11
  4427 | D:5      | Reached skill level 6 in Hexes
  4463 | D:5      | Reached skill level 10 in Stealth
  4530 | D:5      | Reached XP level 8. HP: 52/52 MP: 13/13
  4849 | D:5      | Reached skill level 7 in Hexes
  6315 | D:6      | Found an ancient bone altar of Kikubaaqudgha.
  6384 | D:6      | Reached skill level 5 in Spellcasting
  6401 | D:6      | Reached * piety under Sif Muna
  6409 | D:6      | Reached skill level 8 in Hexes
  6416 | D:6      | Noticed Edmund
  6524 | D:6      | Killed Edmund
  6990 | D:6      | Reached XP level 9. HP: 57/57 MP: 13/17
  7161 | D:7      | Reached skill level 9 in Hexes
  7236 | D:7      | Found a sand-covered staircase.
  7241 | Ossuary  | Entered an ossuary
  7402 | Ossuary  | Reached ** piety under Sif Muna
  8105 | D:7      | Found a broken altar of Ashenzari.
  8218 | D:7      | Reached skill level 10 in Hexes
  8515 | D:7      | Found a staircase to the Ecumenical Temple.
  8520 | Temple   | Entered the Ecumenical Temple
  8750 | D:8      | Noticed Maurice
  8775 | D:8      | Killed Maurice
  8776 | D:8      | Reached skill level 11 in Hexes
  8894 | D:8      | Found an ornate altar of the Wu Jian Council.
  9024 | D:8      | Reached skill level 12 in Hexes
  9264 | D:9      | Noticed Amaemon
  9265 | D:9      | Noticed an orange demon
  9340 | D:10     | Entered Level 10 of the Dungeon
  9374 | D:9      | Reached skill level 5 in Dodging
  9440 | D:9      | Reached XP level 10. HP: 57/62 MP: 13/20
  9482 | D:9      | Found a blossoming altar of Fedhas.
  9558 | D:9      | Found a hide-covered altar of Uskayaw.
  9607 | D:9      | Reached skill level 1 in Fighting
  9908 | D:9      | Reached *** piety under Sif Muna
  9976 | D:9      | Found a staircase to the Lair.
 10454 | D:10     | Noticed a two-headed ogre
 10462 | D:10     | Killed a two-headed ogre
 10715 | D:10     | Found a shimmering altar of Xom.
 10716 | D:10     | Found a shimmering altar of Xom.
 10716 | D:10     | Found a shimmering altar of Xom.
 10717 | D:10     | Found a shimmering altar of Xom.
 10717 | D:10     | Found a shimmering altar of Xom.
 10718 | D:10     | Found a shimmering altar of Xom.
 10977 | D:10     | Noticed a storm dragon
 10980 | D:10     | Noticed an elephant
 11087 | D:11     | Noticed a boulder beetle
 11087 | D:11     | Noticed a centaur warrior
 11087 | D:11     | Noticed a cyclops
 11115 | D:11     | Noticed a cyclops
 11115 | D:11     | Noticed a cyclops
 11511 | D:3      | Killed Ijyb
 12260 | D:11     | Noticed a brown ugly thing
 12264 | D:10     | Killed a cyclops
 12265 | D:10     | Reached skill level 10 in Dodging
 12265 | D:10     | Reached XP level 11. HP: 57/57 MP: 18/21
 12290 | D:10     | Noticed an alligator snapping turtle
 12291 | D:10     | an eye of devastation changed into a swamp dragon
 12291 | D:10     | Noticed a swamp dragon (shapeshifter)
 12300 | D:11     | Noticed a deep elf pyromancer
 12319 | D:10     | a swamp dragon changed into an eye of devastation
 12356 | D:10     | an alligator snapping turtle changed into an eleionoma
 12356 | D:10     | Noticed an eleionoma (shapeshifter)
 12383 | D:10     | an eleionoma changed into a fire giant
 12383 | D:10     | Noticed a fire giant (shapeshifter)
 12385 | D:10     | a fire giant changed into an alligator snapping turtle
 12385 | D:10     | Noticed an alligator snapping turtle (shapeshifter)
 12446 | D:10     | Noticed an ettin
 12456 | D:10     | an ettin changed into a jorogumo
 12456 | D:10     | Noticed a jorogumo (shapeshifter)
 12460 | D:10     | Noticed a steelbarb worm
 12467 | D:10     | a steelbarb worm changed into a deep troll
 12467 | D:10     | Noticed a deep troll (shapeshifter)
 12471 | D:10     | a deep troll changed into a redback
 12520 | D:10     | a redback changed into a swamp dragon
 12520 | D:10     | Noticed a swamp dragon (shapeshifter)
 12526 | D:10     | Killed a deep elf pyromancer
 12533 | D:10     | Noticed an ice dragon
 12563 | D:10     | Noticed a catoblepas
 12568 | D:10     | Noticed a glowing orange brain
 12569 | D:10     | a glowing orange brain changed into a torpor snail
 12740 | D:10     | a redback changed into a fire crab
 12740 | D:10     | Noticed a fire crab (shapeshifter)
 12764 | D:10     | a fire crab changed into a redback
 12799 | D:10     | a catoblepas changed into a ghost moth
 12799 | D:10     | Noticed a ghost moth (shapeshifter)
 12824 | D:11     | Noticed a deep elf pyromancer
 13243 | D:10     | Killed a deep elf pyromancer
 13244 | D:10     | Reached skill level 13 in Hexes
 13574 | D:10     | Reached skill level 5 in Short Blades
 13938 | D:10     | Noticed a shadow dragon
 14143 | D:10     | Killed a brown ugly thing
 14193 | D:10     | Noticed a skyshark
 14195 | D:10     | Noticed a caustic shrike
 14200 | D:10     | a skyshark changed into an eye of devastation
 14250 | D:11     | Killed a centaur warrior
 14251 | D:11     | Reached skill level 14 in Hexes
 14267 | D:11     | Learned a level 1 spell: Necrotise
 14278 | D:11     | Found a transporter.
 14385 | D:10     | Noticed an iron dragon
 14476 | D:11     | Killed a boulder beetle
 14535 | D:11     | Found a portal to a secret trove of treasure.
 14539 | D:11     | Noticed a deep elf pyromancer
 14543 | D:11     | Found a staircase to the Orcish Mines.
 14557 | D:11     | Noticed a centaur warrior
 14565 | D:11     | Killed a centaur warrior
 14566 | D:11     | Reached skill level 15 in Hexes
 14836 | D:12     | Found Tesityg's Armour Shop.
 14875 | D:12     | Noticed an orc knight
 15119 | D:11     | Reached skill level 5 in Fighting
 15129 | D:11     | Noticed Psyche
 15138 | D:10     | Reached **** piety under Sif Muna
 15530 | D:11     | Killed a deep elf pyromancer
 15550 | D:11     | Killed Psyche
 15551 | D:11     | Reached XP level 12. HP: 54/68 MP: 17/22
 15747 | D:11     | Found a transporter.
 15868 | D:11     | Noticed Nergalle
 15875 | D:11     | Killed Nergalle
 15876 | D:11     | Reached skill level 16 in Hexes
 15876 | D:11     | Reached skill level 1 in Necromancy
 16175 | D:12     | Noticed a tengu warrior
 16176 | D:12     | Found a runed translucent door.
 16181 | D:12     | Noticed a centaur warrior
 16181 | D:12     | Found the +1 robe of Vines {NoPotionHeal Regen++++}
 16182 | D:12     | Noticed a tengu reaver
 16218 | D:12     | Noticed Josephine
 16221 | D:12     | Killed Josephine
 16258 | D:12     | HP: 1/68 [wraith[Josephine] (10)]
 16264 | D:12     | HP: 3/68 [wraith[Josephine] (11)]
 16773 | D:12     | Noticed an ogre mage
 16785 | D:12     | Noticed a five-headed hydra
 17219 | D:9      | Killed Amaemon
 17268 | Lair:1   | Entered Level 1 of the Lair of Beasts
 17302 | Lair:1   | Noticed a boulder beetle
 17309 | Lair:1   | Killed a boulder beetle
 18025 | Lair:2   | Reached skill level 17 in Hexes
 18077 | Lair:2   | Noticed a six-headed hydra
 18109 | Lair:2   | Killed a six-headed hydra
 18214 | Lair:2   | Reached skill level 15 in Stealth
 18244 | Lair:2   | Reached ***** piety under Sif Muna
 18244 | Lair:2   | Received a gift from Sif Muna
 18247 | Lair:2   | Got Sif Muna's Excursus on Lethal Misfortune {god gift}
 18577 | Lair:2   | Learned a level 5 spell: Arcjolt
 18596 | Lair:2   | Found a staircase to the Swamp.
 19027 | Lair:3   | Reached XP level 13. HP: 75/75 MP: 23/23
 19057 | Lair:3   | Reached skill level 1 in Air Magic
 19435 | Lair:2   | Reached skill level 5 in Necromancy
 19704 | Swamp:1  | Entered Level 1 of the Swamp
 19704 | Swamp:1  | Noticed Donald
 19706 | Swamp:1  | Killed Donald
 19801 | Lair:3   | Found a hole to the Spider Nest.
 20368 | Lair:3   | Noticed Gastronok
 20391 | Lair:3   | Killed Gastronok
 21084 | Lair:3   | Identified the amulet "Qotejiudd" {rPois rC++ Will- Regen+
                  | SInv}
 22135 | Lair:3   | Reached skill level 18 in Hexes
 22821 | Lair:4   | You fall into a shaft and drop 1 floor!
 22821 | Lair:5   | Entered Level 5 of the Lair of Beasts
 22821 | Lair:5   | Found a viscous altar of Jiyva.
 22866 | Lair:5   | Found a staircase to the Slime Pits.
 24536 | Lair:5   | Reached skill level 19 in Hexes
 24635 | Lair:5   | Reached XP level 14. HP: 84/84 MP: 24/24
 25221 | Lair:5   | Received a gift from Sif Muna
 25224 | Lair:5   | Got Karar's Papyrus of Assembling and Open Graves {god
                  | gift}
 25352 | Lair:5   | Reached skill level 5 in Air Magic
 26744 | D:10     | Noticed a caustic shrike
 27782 | D:13     | You fall into a shaft and drop 2 floors!
 27782 | D:15     | Entered Level 15 of the Dungeon
 28130 | D:14     | Found an opulent altar of Gozag.
 28606 | D:13     | Mangled by a skeletal warrior

Illustrated notes

Levels and vault maps discovered:
D:1:      erik_arrival_blinker_ship, layout_loops_corners
D:2:      layout_rooms, uniq_jessica, uniq_sigmund
D:3:      cheibrodos_old_hovel, layout_loops_ring,
          gammafunk_temple_overflow_statue, uniq_ijyb
D:4:      layout_basic, kennysheep_little_box, nicolae_qazlal_scattered_showers,
          minmay_starry_boxes
D:5:      layout_rooms
D:6:      layout_basic, kiku_gazebo_garden_becter, uniq_edmund
D:7:      layout_basic, amcnicky_altar_gilded, temple_doors_ab,
          nicolae_ossuary_entry_plus, amcnicky_mini_corridor_feature,
          minmay_holes
D:8:      layout_gridville, elyvilon_altar_5, nzn_wu_jian_council_hall,
          kennysheep_generic_room_10, uniq_maurice
D:9:      layout_gridville, nicolae_overflow_crystal_walls,
          mainiacjoe_overflow_cross_hatched, erik_lair_dragon,
          minmay_fractal_squares_gapless_5, uniq_amaemon
D:10:     layout_rooms, xom_shifter_show
D:11:     gammafunk_cloud_chamber, layout_cave_pools, david_orc_2,
          enter_trove_0, minivault_28, uniq_psyche, uniq_nergalle
D:12:     minmay_crescents, layout_irregular_city, serial_shops,
          nicolae_take_the_stairs, minmay_st_funbox, uniq_josephine, uniq_nessos
D:13:     layout_irregular_city, grunt_vaults_entry_tiered,
          columned_hall_lemuel, kennysheep_generic_room_8
D:14:     layout_roguey, nicolae_gozag_seed_capital, kennysheep_windowed_goal
D:15:     hangedman_depths_entry_try_elsewhere_first, layout_basic,
          gauntlet_entry_generic
Temple:   hellmonk_temple_of_storms
Lair:1:   layout_misc_corridors, grunt_megastairs_3,
          infiniplex_staircase_pool_2, lemuel_fruit_tree
Lair:2:   layout_chaotic_city, minmay_swamp_entry_worms
Lair:3:   layout_hall_layers, hellmonk_spider_entry_not_the_bees, uniq_gastronok
Lair:4:   layout_misc_corridors, grunt_megastairs_5
Lair:5:   hellmonk_lair_end_abyssal_woods, layout_regular_city,
          nicolae_slime_entry_field_trip, nicolae_lair_lindhole
Swamp:1:  layout_basic_swamp, evilmike_swamp_ruin_house_5, uniq_donald

Skill      XL: |  1  2  3  4  5  6  7  8  9 10 11 12 13 14 |
---------------+-------------------------------------------+-----
Stealth        | 5 7 8 10 12 15 17 | 17.0
Short Blades   | 2 4 6 |  6.0
Ice Magic      | 2 3 4 |  4.0
Hexes          | 5 6 8 12 15 17 19 | 19.7
Spellcasting   | 3 5 7 8 |  8.2
Dodging        | 5 10 | 10.0
Fighting       | 2 5 6 8 |  8.6
Necromancy     | 4 6 |  6.0
Air Magic      | 4 5 |  5.6
Throwing       | |  0.4

Action                     |  1- 3 |  4- 6 |  7- 9 | 10-12 | 13-15 || total
---------------------------+-------+-------+-------+-------+-------++-------
  Melee: Dagger            |    86 |   123 |   243 |   225 |   369 ||  1046
         Bite              |    14 |     7 |    20 |    28 |    51 ||   120
         Punch             |       |       |     3 |     1 |     5 ||     9
  Throw: Boomerang         |       |       |    11 |    12 |     2 ||    25
   Cast: Ensorcelled Hiber |     4 |    47 |    73 |   127 |   128 ||   379
         Confusing Touch   |       |     2 |    24 |    13 |    30 ||    69
         Tukima's Dance    |       |       |       |     5 |       ||     5
Ability: Exsanguinate      |       |       |       |     1 |       ||     1
  Evoke: Wand              |       |       |       |     1 |       ||     1
    Use: Scroll            |       |       |    12 |    15 |     9 ||    36
         Potion            |       |       |     1 |     6 |     1 ||     8
   Stab: Sleeping          |    12 |    38 |    67 |   102 |    84 ||   303
         Confused          |       |       |    15 |    11 |    27 ||    53
         Distracted        |       |       |       |       |     1 ||     1
 Armour: Robe              |    13 |    17 |    21 |    32 |    87 ||   170
  Dodge: Dodged            |    67 |    78 |   247 |   231 |   641 ||  1264
